 Dungeon Crawl Stone Soup version 0.28-a0-643-g84cb2ea78e (webtiles) character file.

Game seed: 3891943368248915434

265126 pokeman the Archmage (level 19, -4/112 HPs)
             Began as a Deep Elf Hedge Wizard on Oct 9, 2021.
             Was the Champion of Vehumet.
             Killed from afar by an iron giant (17 damage)
             ... with a harpoon shot
             ... on level 1 of the Depths on Oct 10, 2021.
             The game lasted 02:47:07 (54366 turns).

pokeman the Archmage (Deep Elf Hedge Wizard)       Turns: 54366, Time: 02:47:07

Health: -4/112     AC: 19    Str:  9    XL:     19   Next: 29%
Magic:  49/52      EV: 11    Int: 39    God:    Vehumet [******]
Gold:   3182       SH:  8    Dex: 18    Spells: 21/72 levels left

rFire   + . .      SeeInvis .   K - +8 rapier "Dragonslayer" {venom, Str+2 Dex+4}
rCold   x . .      Faith    .   o - +3 warlock's mirror {reflect}
rNeg    . . .      Spirit   .   w - +0 swamp dragon scales
rPois   +          Reflect  +   I - +2 helmet {Int+3}
rElec   .          Harm     .   B - +2 cloak
rCorr   .          Rampage  .   s - +0 pair of gloves "Awiylom" {Int+2}
Will    +....                   y - +0 pair of boots
Stlth   ++........              z - amulet of magic regeneration
HPRegen 0.28/turn               a - ring "Aromy" {Fly Int+6}
MPRegen 0.58/turn               P - ring of fire

@: sluggish, about to teleport, flying, very slow
A: no striking features
}: 2/15 runes: decaying, serpentine
a: Renounce Religion


You were on level 1 of the Depths.
You worshipped Vehumet.
Vehumet was exalted by your worship.
You visited 8 branches of the dungeon, and saw 35 of its levels.
You visited 2 bazaars.
You also visited: Ice Cave.

You collected 3584 gold pieces.
You spent 402 gold pieces at shops.

Inventory:

Hand Weapons
 e - the +2 longbow of Mytuhud {freeze, Fly rElec}
   (You found it on level 15 of the Dungeon)

   Any ammunition fired from it freezes those it strikes, dealing additional
   cold damage.
   It can also slow down cold-blooded creatures.
   rElec:     It insulates you from electricity.
   Fly:       It grants you flight.
 K - the +8 rapier "Dragonslayer" (weapon) {venom, Str+2 Dex+4}
   (You found it on level 8 of the Dungeon)

   It poisons the flesh of those it strikes.
   Str:       It affects your strength (+2).
   Dex:       It affects your dexterity (+4).
Missiles
 l - 936 arrows
 u - a throwing net
Armour
 o - the +3 warlock's mirror (worn) {reflect}
   (You acquired it on level 3 of the Snake Pit)

   It can block and reflect piercing ranged attacks and magical attacks against
   the wielder's willpower.
 s - the +0 pair of gloves "Awiylom" (worn) {Int+2}
   (You found it on level 4 of the Snake Pit)

   Int:       It affects your intelligence (+2).
 w - +0 swamp dragon scales (worn)
 x - +0 fire dragon scales
 y - a +0 pair of boots (worn)
 B - a +2 cloak (worn)
 I - a +2 helmet of intelligence (worn)
Jewellery
 a - the ring "Aromy" (left hand) {Fly Int+6}
   (You found it on level 13 of the Dungeon)

   [ring of flight]

   Int:       It affects your intelligence (+6).
   Fly:       It grants you flight.
 d - a ring of resist corrosion
 i - a ring of flight
 p - an amulet of reflection
 q - the amulet "Veho" {Reflect Harm SH+5}
   (You acquired it on level 3 of the Swamp)

   [amulet of reflection]

   It reflects blocked missile attacks.
   SH:        It affects your SH (+5).
   Harm:      It increases damage dealt and taken.
 z - an amulet of magic regeneration (around neck)
 D - the ring of Beecut {rF+ Slay+3}
   (You found it on level 6 of the Lair of Beasts)

   [ring of protection from fire]

   Slay:      It affects your accuracy & damage with ranged weapons and melee
   (+3).
   rF:        It protects you from fire.
 P - a ring of fire (right hand)
Wands
 c - a wand of iceblast (9)
 g - a wand of charming (15)
 m - a wand of mindburst (20)
 O - a wand of acid (11)
 Z - a wand of digging (8)
Scrolls
 b - 2 scrolls of fog
 j - 2 scrolls of amnesia
 n - a scroll of blinking
 r - a scroll of enchant weapon
 t - 3 scrolls of holy word
 v - 11 scrolls of teleportation
 G - 3 scrolls of magic mapping
Potions
 f - 5 potions of heal wounds
 h - 2 potions of might
 C - 4 potions of haste
 M - 8 potions of curing
 V - 3 potions of invisibility
 Y - 4 potions of berserk rage
Miscellaneous
 k - a lightning rod (4/4)


   Skills:
 + Level 9.8 Fighting
 - Level 9.0 Armour
 - Level 3.0 Dodging
 - Level 3.1 Stealth
 - Level 4.0 Shields
 O Level 27 Spellcasting
 * Level 18.9 Conjurations
 - Level 1.1 Summonings
 - Level 1.1 Translocations
 - Level 1.1 Transmutations
 + Level 17.4 Fire Magic
 - Level 1.3 Ice Magic
 - Level 3.0 Air Magic
 - Level 1.1 Earth Magic
 - Level 1.2 Poison Magic
 - Level 1.2 Evocations


You had 21 spell levels left.
You knew the following spells:

 Your Spells              Type           Power      Damage    Failure   Level
a - Magic Dart            Conj           100%       1d8       0%          1
b - Mephitic Cloud        Conj/Pois/Air  85%        N/A       1%          3
c - Call Imp              Summ           57%        N/A       1%          2
d - Blink                 Tloc           N/A        N/A       1%          2
e - Conjure Flame         Conj/Fire      100%       6-21      0%          3
f - Foxfire               Conj/Fire      100%       2x1d9     0%          1
g - Fireball              Conj/Fire      69%        3d26      0%          5
h - Freezing Cloud        Conj/Ice/Air   42%        6-21      1%          5
i - Swiftness             Air            66%        N/A       1%          3
j - Stone Arrow           Conj/Erth      100%       3d13      1%          3
k - Flame Wave            Conj/Fire      100%       3d16      0%          4
l - Apportation           Tloc           100%       N/A       1%          1
m - Orb of Destruction    Conj           58%        9d17      1%          7
n - Wereblood             Tmut           57%        N/A       1%          2
o - Fire Storm            Conj/Fire      69%        8d17      12%         9

Your spell library contained the following spells:

 Spells                   Type           Power      Damage    Failure   Level
 Lehudib's Crystal Spear  Conj/Erth      46%        10d11     21%         8
 Polar Vortex             Ice            29%        N/A       100%        9
 Sticky Flame             Conj/Fire      100%       2d11      0%          4
 Iskenderun's Battlesphe  Conj           100%       2d15      0%          5
 Animate Skeleton         Necr           100%       N/A       1%          1
 Beastly Appendage        Tmut           100%       N/A       1%          1
 Freeze                   Ice            100%       1d11      1%          1
 Sting                    Tmut/Pois      100%       1d8       1%          1
 Summon Small Mammal      Summ           100%       N/A       1%          1
 Ensorcelled Hibernation  Hex/Ice        100%       N/A       1%          2
 Passwall                 Tmut/Erth      47%        N/A       1%          2
 Slow                     Hex            51%        N/A       1%          2
 Call Canine Familiar     Summ           57%        N/A       1%          3
 Dazzling Flash           Conj/Hex       100%       N/A       1%          3
 Frozen Ramparts          Ice            100%       1d12      1%          3
 Ignite Poison            Fire/Tmut/Pois 100%       N/A       1%          3
 Inner Flame              Hex/Fire       100%       N/A       1%          3
 Lesser Beckoning         Tloc           57%        N/A       1%          3
 Ozocubu's Armour         Ice            58%        N/A       1%          3
 Portal Projectile        Hex/Tloc       100%       N/A       1%          3
 Spider Form              Tmut/Pois      29%        N/A       1%          3
 Summon Guardian Golem    Hex/Summ       54%        N/A       1%          3
 Fulminant Prism          Conj/Hex       45%        3d21      1%          4
 Hailstorm                Conj/Ice       93%        3d18      1%          4
 Iskenderun's Mystic Bla  Conj/Tloc      92%        2d18      1%          4
 Iron Shot                Conj/Erth      46%        9d9       1%          6
 Confusing Touch          Hex            51%        N/A       2%          3
 Tukima's Dance           Hex            51%        N/A       2%          3
 Vampiric Draining        Necr           25%        2d9       2%          3
 Lee's Rapid Deconstruct  Erth           28%        3d16*     3%          5
 Spellforged Servitor     Conj/Summ      46%        N/A       3%          7
 Leda's Liquefaction      Hex/Erth       27%        N/A       6%          4
 Silence                  Hex/Air        29%        N/A       11%         5
 Alistair's Intoxication  Tmut/Pois      38%        N/A       13%         5
 Manifold Assault         Tloc           57%        N/A       13%         5
 Summon Forest            Summ/Tloc      28%        N/A       13%         5
 Metabolic Englaciation   Hex/Ice        27%        N/A       16%         5
 Eringya's Noxious Bog    Tmut/Pois      29%        N/A       17%         6
 Agony                    Necr           51%        N/A       21%         5
 Simulacrum               Ice/Necr       27%        N/A       65%         6
 Invisibility             Hex            25%        N/A       75%         6
 Summon Hydra             Summ           28%        N/A       99%         7


Dungeon Overview and Level Annotations

Branches:
Dungeon (15/15)            Temple (1/1) D:7            Lair (6/6) D:8
  Swamp (4/4) Lair:3        Snake (4/4) Lair:2        Slime (0/5) Lair:5
    Orc (2/2) D:9             Elf (2/3) Orc:2        Vaults (0/5) D:13
 Depths (1/4) D:15          IceCv (visited)

Altars:
Ashenzari
Cheibriados
Dithmenos
Elyvilon
Fedhas
Gozag
Hepliaklqana
Kikubaaqudgha
Makhleb
Nemelex Xobeh
Okawaru
Qazlal
Ru
Sif Muna
Trog
Uskayaw
Vehumet
Wu Jian
Xom
Yredelemnul
Zin
The Shining One

Shops:
D:4 [([([   D:10 [   D:15 (   Orc:2 *:=[?

Portals:
Abyss: Orc:1 Depths:1
Trove: D:15 (give +3 storm dragon scales)

Annotations:
Orc:1 2 transporters, dolemite99's ghost, journeyman HOFi
Elf:2 3 runed translucent doors
Depths:1 2 transporters, Atlas's ghost, adept DgEE


Message History

Press: ? - help, Shift-Dir - straight line, f/p - storm dragon
Aim: a storm dragon (almost dead, catching its breath)
You feel a surge of power!
The fireball explodes!
The fireball engulfs the storm dragon!!!
You kill the storm dragon!
Vehumet accepts your kill.
You feel your power returning.
The storm dragon scales are intact enough to wear.
The fireball engulfs the iron giant!!
The iron giant resists.
The iron giant is moderately wounded.
Unknown command.
Press: ? - help, v - describe, . - travel, g - get item
Here: an iron giant, wielding a +0 giant club (moderately wounded)
Items here: +0 storm dragon scales; a storm dragon corpse.
The floor.
The iron giant points at you and mumbles some strange words.
The iron shot hits you!!!
Ouch! That really hurt!
* * * LOW HITPOINT WARNING * * *
The fire giant shouts!
You feel sluggish.
The red very ugly thing gurgles horribly!
You hear a shout!
You see here a +0 troll leather armour.
The iron giant fires a harpoon shot at you.
The harpoon shot hits you.
* * * LOW HITPOINT WARNING * * *
You are yanked forward by the harpoon shot.
You see here a +0 troll leather armour.
Casting: Fireball (safe; 0% risk of failure)
Confirm with . or Enter, or press ? or * to list all spells.
Okay, then.
Blink to where?
Press: ? - help, Dir - move target
As you read the scroll of blinking, it crumbles to dust.
As you read the scroll of teleportation, it crumbles to dust.
You feel strangely unstable.
The iron giant fires a harpoon shot at you.
The harpoon shot hits you!
You die...

#.# #.# #.# #.# ##.#
## ######..###....
##..............
#.......©.......
#..@#########...
#..##8[)?!:8##..
#..#C..?.)...#..
#..#.##...##.#..
#..#W##...##.#..
#..#CW..©... #..
###.C#C##.W.##.#..
#>...#i##u..##.#..
####.#..#.i.C....©#..


You could see an iron giant, a juggernaut, a frost giant, a stone giant, a
flayed ghost, a spriggan berserker and Atlas's ghost.

Vanquished Creatures
  Vashnia (Snake:2)
  Jorgrun (Elf:1)
  Asterion (Snake:4)
  A tentacled monstrosity (Swamp:3)
  A titan (Depths:1)
  3 thorn hunters
  A storm dragon (Depths:1)
  Donald (Snake:4)
  The ghost of Waycat the Black Sun, a journeyman DrFE of Kikubaaqudgha (D:12)
  8 nagarajas
  A frost giant (IceCv)
  Aizul (Snake:4)
  2 very ugly things (Depths:1)
  A vampire knight (Depths:1)
  A stone giant (Depths:1)
  A deep elf demonologist (Elf:2)
  Azrael (Orc:2)
  4 spark wasps (Depths:1)
  3 dire elephants (Lair:6)
  3 bunyips
  An ettin (D:13)
  Snorg (Orc:2)
  3 fire dragons (Depths:1)
  The ghost of Nausicaa the Grappler, a journeyman TrMo (Orc:2)
  A shambling mangrove (Swamp:4)
  13 naga warriors
  4 vault guards (D:13)
  A ghost crab (Swamp:4)
  30 hydras
  2 ogre magi (Orc:2)
  A salamander tyrant (Snake:4)
  A catoblepas (D:13)
  9 anacondas
  4 centaur warriors
  4 boulder beetles
  12 two-headed ogres
  2 deep troll shamans (Depths:1)
  10 dancing weapons
  3 death knights
  11 death yaks
  5 alligators
  6 tengu warriors
  7 shock serpents
  A deep troll earth mage (Depths:1)
  A vampire mage (D:15)
  A spectral dire elephant (Lair:6)
  18 naga sharpshooters
  5 deep elf knights (Elf:2)
  9 skeletal warriors
  A spriggan berserker (Swamp:2)
  An orc high priest (Orc:1)
  4 spriggans
  A fire crab (D:13)
  5 iron trolls (Depths:1)
  7 deep trolls
  4 salamander mystics
  A spectral death yak (Lair:6)
  A spectral anaconda (Lair:6)
  4 goliath frogs
  A flayed ghost (Depths:1)
  6 naga ritualists
  A spriggan druid (Swamp:4)
  8 swamp dragons
  5 bog bodies
  A glowing orange brain (shapeshifter) (D:14)
  7 deep elf archers
  2 obsidian statues
  15 deep elf pyromancers
  4 necromancers
  The ghost of AttackTheMoon the Chopper, a novice PaBe of Trog (D:7)
  10 deep elf zephyrmancers
  2 orc knights
  Pikel (D:5)
  2 oklob plants
  A sphinx zombie (D:15)
  15 salamanders
  A stone giant zombie (D:15)
  An iron dragon zombie (D:15)
  15 ugly things
  11 mana vipers
  8 slime creatures
  A fire giant zombie (D:15)
  6 manticores
  16 elephants
  2 guardian serpents (Snake:3)
  6 will-o-the-wisps
  7 cyclopes
  18 naga magi
  An ice statue (IceCv)
  27 black mambas
  13 cane toads
  An unseen horror (D:10)
  A cane toad (shapeshifter) (Elf:2)
  2 gargoyles
  10 rime drakes
  A kobold demonologist (D:13)
  8 komodo dragons
  An efreet (D:13)
  2 tengu conjurers (Depths:1)
  2 ice devils (Lair:3)
  3 meliai (D:13)
  16 trolls
  2 bloated husks
  8 polar bears
  A hornet (shapeshifter) (Elf:2)
  3 spectral elephants (Lair:6)
  7 blink frogs
  4 hornets
  6 tyrant leeches
  7 dream sheep (Lair:6)
  A centaur simulacrum (D:14)
  An air elemental (Elf:1)
  6 shadows
  2 tarantellas (shapeshifter)
  71 yaks
  A water elemental (Elf:1)
  A dire elephant simulacrum (Lair:6)
  3 wraiths
  A vampire (D:13)
  3 basilisks
  5 wyverns
  7 fire elementals
  6 humans (D:13)
  A steam dragon (D:7)
  14 vampire mosquitoes
  8 swamp worms
  3 death yak simulacra (Lair:6)
  3 spectral cane toads (Lair:6)
  57 nagas
  A warg (Orc:1)
  9 water moccasins
  9 swamp drakes
  An ice beast (D:6)
  11 orc warriors
  2 elephant zombies (Lair:6)
  2 black bears
  17 wolves
  21 ogres
  12 centaurs
  An elephant skeleton (Lair:6)
  4 lemures (D:5)
  A kobold brigand (D:10)
  22 bullfrogs
  A bullfrog (shapeshifter) (D:14)
  3 scorpions
  An earth elemental (Elf:1)
  2 gnoll sergeants
  13 killer bees
  A water moccasin skeleton (D:5)
  An elephant simulacrum (Lair:6)
  4 wights (D:8)
  A howler monkey (D:13)
  4 electric eels
  6 centaur zombies
  Crazy Yiuf (D:5)
  9 orc priests
  3 gnoll shamans
  An iron imp (D:9)
  A jelly (Lair:5)
  6 iguanas
  5 orc wizards
  A scorpion zombie (D:5)
  6 hell rats (Lair:6)
  A howler monkey zombie (D:9)
  16 gnolls
  3 adders
  2 shadow imps
  A white imp (D:7)
  An adder skeleton (D:4)
  5 worms
  4 dart slugs
  30 orcs
  A bat (D:2)
  6 endoplasms
  5 giant cockroaches
  6 goblins
  3 hobgoblins (D:1)
  2 jackals (D:1)
  3 quokkas
  6 ball pythons
  4 frilled lizards
  10 kobolds
  6 rats
  5 bushes (Lair:3)
  A foxfire (D:14)
1031 creatures vanquished.

Vanquished Creatures (collateral kills)
  A death yak (D:8)
  The ghost of pdpol the Summoner, a novice TeSu of Sif Muna (D:6)
  A killer bee (D:11)
  A gnoll (D:3)
  5 foxfires (D:14)
9 creatures vanquished.

Vanquished Creatures (others)
  2 vault guards (D:13)
  5 bushes (D:14)
  603 foxfires
  38 fungi
  37 plants
  5 toadstools (D:2)
  41 withered plants
731 creatures vanquished.

Grand Total: 1771 creatures vanquished

Notes
Turn   | Place    | Note
-------+----------+-------------------------------------------
     0 | D:1      | pokeman the Deep Elf Hedge Wizard began the quest for the
                  | Orb.
     0 | D:1      | Reached XP level 1. HP: 10/10 MP: 7/7
   321 | D:1      | Reached XP level 2. HP: 16/16 MP: 5/9
   408 | D:1      | Found a faded altar of an unknown god.
   755 | D:1      | Reached skill level 5 in Spellcasting
  1184 | D:1      | Reached XP level 3. HP: 20/20 MP: 7/11
  1188 | D:1      | Learned a level 3 spell: Mephitic Cloud
  1191 | D:1      | Learned a level 2 spell: Call Imp
  1194 | D:1      | Learned a level 2 spell: Blink
  1198 | D:1      | Learned a level 3 spell: Conjure Flame
  1624 | D:2      | Found a sparkling altar of Nemelex Xobeh.
  1906 | D:2      | Reached skill level 1 in Fighting
  2150 | D:2      | You fall into a shaft and drop 1 floor!
  2150 | D:3      | Found a sparkling altar of Nemelex Xobeh.
  2276 | D:3      | Reached skill level 1 in Armour
  2643 | D:3      | Found a basalt altar of Yredelemnul.
  2993 | D:3      | Noticed a moth of wrath
  2996 | D:3      | Found a bloodstained altar of Trog.
  3016 | D:3      | Reached XP level 4. HP: 25/25 MP: 6/13
  3899 | D:4      | Found Juisch's Antique Armour Shop.
  4105 | D:4      | Reached skill level 1 in Fire Magic
  4540 | D:3      | Reached skill level 6 in Spellcasting
  4611 | D:3      | Reached XP level 5. HP: 9/29 MP: 0/15
  5126 | D:4      | Found Wofos's Antique Weapon Boutique.
  5167 | D:4      | Found Gamukkeb's Antique Armour Boutique.
  5550 | D:4      | Found Eles's Antique Armour Emporium.
  5626 | D:4      | Found Yrphuaxe's Antique Weapon Boutique.
  5665 | D:5      | Entered Level 5 of the Dungeon
  5665 | D:5      | Found a white marble altar of Elyvilon.
  5919 | D:5      | Noticed a lemure
  5927 | D:5      | Reached skill level 1 in Air Magic
  5927 | D:5      | Reached XP level 6. HP: 25/34 MP: 12/17
  5932 | D:5      | Noticed Pikel
  6162 | D:5      | Reached skill level 7 in Spellcasting
  6162 | D:5      | Reached skill level 1 in Poison Magic
  6254 | D:5      | Killed Pikel
  6255 | D:5      | Reached skill level 8 in Spellcasting
  6255 | D:5      | Reached XP level 7. HP: 26/38 MP: 0/21
  6433 | D:5      | Found a runed translucent door.
  6434 | D:5      | Noticed Crazy Yiuf
  6576 | D:5      | Identified the ring "Bobynt" {Wiz rC+ Will- Str+7}
  6806 | D:5      | Reached skill level 9 in Spellcasting
  6975 | D:5      | Learned a level 1 spell: Foxfire
  6980 | D:5      | Learned a level 4 spell: Flame Wave
  7118 | D:5      | Found an iron altar of Okawaru.
  7188 | D:5      | Killed Crazy Yiuf
  7407 | D:6      | Reached XP level 8. HP: 40/43 MP: 16/23
  7632 | D:6      | Reached skill level 5 in Conjurations
  7764 | D:6      | Found a runed translucent gate.
  7764 | D:6      | Found a runed translucent gate.
  7764 | D:6      | Found a runed translucent gate.
  7766 | D:6      | Noticed pdpol's ghost (novice TeSu)
  7812 | D:6      | Reached skill level 10 in Spellcasting
  8079 | D:6      | Reached skill level 1 in Evocations
  8627 | D:6      | Killed pdpol's ghost
  8628 | D:6      | Reached skill level 11 in Spellcasting
  8628 | D:6      | Reached XP level 9. HP: 47/48 MP: 16/26
  9004 | D:7      | Found a runed translucent door.
  9004 | D:7      | Noticed AttackTheMoon's ghost (novice PaBe)
  9139 | D:7      | Reached skill level 5 in Fire Magic
  9218 | D:7      | Reached skill level 12 in Spellcasting
  9537 | D:7      | Found a staircase to the Ecumenical Temple.
  9546 | Temple   | Entered the Ecumenical Temple
 10120 | D:7      | Killed AttackTheMoon's ghost
 10283 | D:8      | Noticed a troll
 10291 | D:8      | Killed a troll
 10292 | D:8      | Reached XP level 10. HP: 56/56 MP: 21/28
 10327 | D:8      | Noticed a death yak
 10327 | D:8      | Noticed a death yak
 10327 | D:8      | Noticed a death yak
 10467 | D:8      | Found a sacrificial altar of Ru.
 10479 | D:8      | Killed a death yak
 10480 | D:8      | Reached skill level 13 in Spellcasting
 10482 | D:8      | Killed a death yak
 10499 | D:8      | Noticed a cyclops
 10800 | D:8      | Reached skill level 14 in Spellcasting
 10854 | D:8      | Killed a cyclops
 11059 | D:8      | Killed a death yak
 11060 | D:8      | Reached XP level 11. HP: 26/62 MP: 18/31
 11288 | D:8      | Found a stormy altar of Qazlal.
 11294 | D:8      | Found a blossoming altar of Fedhas.
 11333 | D:8      | Identified the +8 rapier "Dragonslayer" {venom, Str+2
                  | Dex+4}
 11414 | D:8      | Found a staircase to the Lair.
 11646 | D:9      | Noticed a two-headed ogre
 11907 | D:9      | Noticed a five-headed hydra
 11926 | D:9      | Killed a five-headed hydra
 12068 | D:9      | Killed a two-headed ogre
 12159 | D:9      | Reached skill level 15 in Spellcasting
 12313 | D:9      | Found a radiant altar of Vehumet.
 12323 | D:9      | Noticed a two-headed ogre
 12329 | D:9      | Killed a two-headed ogre
 12330 | D:9      | Reached skill level 5 in Fighting
 12349 | D:9      | Became a worshipper of Vehumet
 12494 | D:9      | Found a snail-covered altar of Cheibriados.
 12533 | D:9      | Found a shimmering blue altar of Sif Muna.
 12595 | D:9      | Got Sif Muna's Catalogue of Contamination
 12769 | D:9      | Found a staircase to the Orcish Mines.
 13010 | D:10     | Entered Level 10 of the Dungeon
 13337 | D:10     | Found Mabitryu's Antique Armour Boutique.
 13967 | D:10     | Noticed a two-headed ogre
 13988 | D:10     | Killed a two-headed ogre
 13988 | D:10     | Reached * piety under Vehumet
 13988 | D:10     | Offered knowledge of Shock by Vehumet.
 14306 | D:11     | Upgraded the game from 0.28-a0-631-g0446da8ef9 to
                  | 0.28-a0-643-g84cb2ea78e
 14403 | D:11     | Reached skill level 16 in Spellcasting
 14610 | D:11     | Noticed a two-headed ogre
 14639 | D:11     | Killed a two-headed ogre
 15203 | D:11     | Reached XP level 12. HP: 49/68 MP: 26/34
 15260 | D:11     | Reached skill level 10 in Conjurations
 15839 | D:11     | Learned a level 5 spell: Freezing Cloud
 16009 | D:12     | Noticed a death knight
 16037 | D:12     | Killed a death knight
 16038 | D:12     | Reached skill level 1 in Ice Magic
 16041 | D:12     | Offered knowledge of Poisonous Vapours by Vehumet.
 16042 | D:12     | Reached skill level 17 in Spellcasting
 16391 | D:12     | Reached ** piety under Vehumet
 16447 | D:12     | Reached skill level 5 in Armour
 16718 | D:12     | You fall into a shaft and drop 2 floors!
 16718 | D:14     | Noticed a boulder beetle
 16758 | D:14     | Killed a boulder beetle
 16759 | D:14     | Reached skill level 1 in Shields
 16760 | D:14     | Noticed a tengu warrior
 16819 | D:14     | Noticed a death knight
 16916 | D:13     | Killed a vault guard
 16933 | D:13     | Noticed a centaur warrior
 16938 | D:13     | Killed a centaur warrior
 17159 | D:13     | You fall into a shaft and drop 1 floor!
 17159 | D:14     | Noticed a boulder beetle
 17182 | D:14     | Noticed a seven-headed hydra
 17298 | D:14     | Killed a death knight
 17578 | D:13     | Reached skill level 18 in Spellcasting
 17656 | D:13     | Noticed a boulder beetle
 17662 | D:13     | Noticed a centaur warrior
 17662 | D:13     | Noticed Waycat's ghost (journeyman DrFE)
 17662 | D:13     | Noticed a catoblepas
 17663 | D:13     | Noticed an ettin
 17804 | D:12     | Learned a level 3 spell: Swiftness
 17878 | D:12     | Reached skill level 10 in Fire Magic
 18066 | D:13     | Found a runed translucent gate.
 18066 | D:13     | Found a runed translucent gate.
 18076 | D:13     | Found a runed translucent gate.
 18092 | D:13     | Noticed a vault guard
 18107 | D:13     | Killed a vault guard
 18127 | D:13     | Noticed a vault guard
 18137 | D:13     | Killed a vault guard
 18138 | D:13     | Killed a vault guard
 18193 | D:13     | Noticed a vault guard
 18202 | D:13     | Killed a vault guard
 18203 | D:13     | Reached XP level 13. HP: 36/72 MP: 22/37
 18643 | D:13     | Offered knowledge of Stone Arrow by Vehumet.
 18648 | D:13     | Learned a level 3 spell: Stone Arrow
 19053 | D:13     | Reached skill level 1 in Earth Magic
 19371 | D:13     | Found a gate to the Vaults.
 19483 | D:13     | Found a gateway to a bazaar.
 19488 | Bazaar   | Entered a bazaar
 19488 | Bazaar   | Found Dystus's Antique Armour Emporium.
 19488 | Bazaar   | Found Amaorgh's Antique Weapon Shop.
 19488 | Bazaar   | Found Agiwer's Weapon Shoppe.
 19488 | Bazaar   | Found Lomnies's Antique Weapon Shop.
 19490 | Bazaar   | Found Elygoh's Book Shoppe.
 19490 | Bazaar   | Found Zookh's Jewellery Boutique.
 19521 | Bazaar   | Bought a runed helmet for 97 gold pieces
 19897 | D:14     | Reached skill level 19 in Spellcasting
 20030 | D:14     | Reached *** piety under Vehumet
 21502 | D:15     | Entered Level 15 of the Dungeon
 21559 | D:15     | Found a white marble altar of Elyvilon.
 21699 | D:15     | Identified the +2 longbow of Mytuhud {freeze, Fly rElec}
 21851 | D:15     | Found a portal to a secret trove of treasure.
 21855 | D:15     | Found Tang's Weapon Shoppe.
 22034 | D:15     | Offered knowledge of Hailstorm by Vehumet.
 22056 | D:15     | Reached skill level 20 in Spellcasting
 22680 | D:15     | Found a staircase to the Depths.
 23066 | Lair:1   | Entered Level 1 of the Lair of Beasts
 23352 | Lair:1   | Reached XP level 14. HP: 79/79 MP: 35/40
 24256 | Lair:2   | Found a staircase to the Snake Pit.
 24529 | Lair:2   | Reached **** piety under Vehumet
 24753 | Lair:2   | Offered knowledge of Fireball by Vehumet.
 24760 | Lair:2   | Learned a level 5 spell: Fireball
 25427 | Lair:3   | Found a frozen archway.
 25541 | IceCv    | Entered an ice cave
 25789 | IceCv    | Reached skill level 21 in Spellcasting
 26192 | IceCv    | Noticed a frost giant
 26197 | IceCv    | Reached ***** piety under Vehumet
 26198 | IceCv    | Killed a frost giant
 26611 | Lair:3   | Offered knowledge of Ozocubu's Refrigeration by Vehumet.
 26742 | Lair:3   | Found a staircase to the Swamp.
 28508 | Lair:5   | Reached XP level 15. HP: 84/84 MP: 35/42
 28797 | Lair:5   | Found a staircase to the Slime Pits.
 28807 | Lair:5   | Reached skill level 22 in Spellcasting
 29526 | Lair:6   | Entered Level 6 of the Lair of Beasts
 29547 | Lair:6   | Offered knowledge of Iron Shot by Vehumet.
 30418 | Lair:6   | Identified the ring of Beecut {rF+ Slay+3}
 32095 | Lair:6   | Identified the +8 great mace of the Ghost {vorpal, rF+
                  | SInv}
 32352 | Lair:6   | Reached skill level 23 in Spellcasting
 33335 | D:15     | Learned a level 1 spell: Apportation
 33834 | D:13     | HP: 3/85 [something/blast of calcifying dust (6)]
 34542 | D:12     | Killed Waycat's ghost
 34785 | D:13     | Identified the ring "Aromy" {Fly Int+6}
 34902 | Orc:1    | Entered Level 1 of the Orcish Mines
 34936 | Orc:1    | Offered knowledge of Irradiate by Vehumet.
 35013 | Orc:1    | Found a transporter.
 35031 | Orc:1    | Noticed dolemite99's ghost (journeyman HOFi)
 35033 | Orc:1    | Reached XP level 16. HP: 85/92 MP: 15/45
 35161 | Orc:1    | Found a transporter.
 35792 | Orc:1    | Found a one-way gate to the infinite horrors of the Abyss.
 35852 | Orc:2    | Entered Level 2 of the Orcish Mines
 35873 | Orc:2    | Noticed Snorg
 35878 | Orc:2    | Killed Snorg
 36043 | Orc:2    | Noticed Azrael
 36167 | Orc:2    | Found a staircase to the Elven Halls.
 36168 | Orc:2    | Found Zumuq's Book Boutique.
 36204 | Orc:2    | Found Ciybogg's Jewellery Shoppe.
 36209 | Orc:2    | Found Celeett's Antique Armour Shop.
 36210 | Orc:2    | Found Zafickyd's Magic Scroll Boutique.
 36223 | Orc:2    | Bought a scroll of identify for 30 gold pieces
 36223 | Orc:2    | Bought a scroll of identify for 30 gold pieces
 36715 | Orc:2    | Found a runed translucent gate.
 36716 | Orc:2    | Found a runed translucent gate.
 36767 | Orc:2    | Killed Azrael
 36773 | Orc:2    | Reached skill level 24 in Spellcasting
 36926 | Orc:2    | Found a runed translucent gate.
 36927 | Orc:2    | Noticed Nausicaa's ghost (journeyman TrMo)
 36942 | Orc:2    | Found Jisiloru's CLEARANCE SALE!.
 36949 | Orc:2    | Bought a scroll of summoning for 57 gold pieces
 37179 | Orc:2    | Killed Nausicaa's ghost
 37179 | Orc:2    | Offered knowledge of Iskenderun's Battlesphere by Vehumet.
 37278 | Elf:1    | Entered Level 1 of the Elven Halls
 37303 | Elf:1    | Noticed Jorgrun
 38400 | Elf:1    | Reached skill level 15 in Conjurations
 38697 | Elf:1    | Killed Jorgrun
 38910 | Elf:2    | Found a flickering gateway to a bazaar.
 39011 | Bazaar   | Entered a bazaar
 39290 | Bazaar   | Found Foni's Antique Armour Shoppe.
 39318 | Bazaar   | Found Qiseu's Armour Shop.
 39346 | Bazaar   | Found Foin's Magic Scroll Emporium.
 39366 | Bazaar   | Found Dopham's Distillery.
 39373 | Bazaar   | Bought a potion of heal wounds for 80 gold pieces
 39376 | Bazaar   | Found Hides's Distillery.
 39430 | Bazaar   | Bought a scroll of identify for 36 gold pieces
 39430 | Bazaar   | Bought a scroll of identify for 36 gold pieces
 39430 | Bazaar   | Bought a scroll of identify for 36 gold pieces
 41035 | Elf:2    | Found a runed translucent gate.
 41035 | Elf:2    | Found a runed translucent gate.
 42021 | Elf:2    | Found a runed translucent gate.
 42344 | Swamp:1  | Entered Level 1 of the Swamp
 42554 | Swamp:1  | Reached skill level 25 in Spellcasting
 42554 | Swamp:1  | Reached XP level 17. HP: 91/97 MP: 29/48
 42738 | Swamp:1  | You are sucked into a shaft and drop 1 floor!
 42748 | Swamp:2  | Reached skill level 15 in Fire Magic
 42771 | Swamp:2  | Offered knowledge of Orb of Destruction by Vehumet.
 42892 | Swamp:2  | Learned a level 7 spell: Orb of Destruction
 43311 | Swamp:1  | You are sucked into a shaft and drop 1 floor!
 43462 | Swamp:1  | Found a burning altar of Makhleb.
 44233 | Swamp:3  | Noticed a tentacled monstrosity
 44242 | Swamp:3  | Killed a tentacled monstrosity
 44871 | Swamp:3  | Identified a scroll of acquirement
 44873 | Swamp:3  | Acquired the amulet "Veho" {Reflect Harm SH+5}
 44944 | Swamp:4  | Entered Level 4 of the Swamp
 45320 | Swamp:4  | Reached skill level 26 in Spellcasting
 45715 | Swamp:4  | Got a decaying rune of Zot
 46199 | Snake:1  | Entered Level 1 of the Snake Pit
 46850 | Snake:1  | Offered knowledge of Lightning Bolt by Vehumet.
 47276 | Snake:2  | Noticed Vashnia
 47278 | Snake:2  | Killed Vashnia
 47856 | Snake:2  | Reached XP level 18. HP: 95/103 MP: 48/50
 49681 | Snake:3  | Acquired the +3 warlock's mirror {reflect}
 49681 | Snake:3  | Found the +3 warlock's mirror {reflect}
 50261 | Snake:4  | Entered Level 4 of the Snake Pit
 50289 | Snake:4  | Reached skill level 27 in Spellcasting
 50292 | Snake:4  | Learned a level 2 spell: Wereblood
 50342 | Snake:4  | Identified the +0 pair of gloves "Awiylom" {Int+2}
 50508 | Snake:4  | Reached skill level 1 in Transmutations
 50751 | Snake:4  | Noticed Aizul
 50757 | Snake:4  | Killed Aizul
 51334 | Snake:4  | Reached ****** piety under Vehumet
 51360 | Snake:4  | Offered knowledge of Starburst by Vehumet.
 51796 | Snake:4  | Noticed Donald
 51800 | Snake:4  | Killed Donald
 51809 | Snake:4  | Noticed Asterion
 52090 | Snake:4  | HP: 5/105 [balrug/fireball[Asterion] (11)]
 52092 | Snake:4  | Killed Asterion
 52891 | Snake:4  | Got a serpentine rune of Zot
 53315 | Depths:1 | Entered Level 1 of the Depths
 53406 | Depths:1 | Reached XP level 19. HP: 110/110 MP: 46/52
 53648 | Depths:1 | Noticed a juggernaut
 53651 | Depths:1 | Noticed Atlas's ghost (adept DgEE)
 53660 | Depths:1 | Found a transporter.
 53716 | Depths:1 | Found a transporter.
 53770 | Depths:1 | Offered knowledge of Lehudib's Crystal Spear by Vehumet.
 53770 | Depths:1 | Offered knowledge of Fire Storm by Vehumet.
 53770 | Depths:1 | Offered knowledge of Polar Vortex by Vehumet.
 53790 | Depths:1 | Learned a level 9 spell: Fire Storm
 53970 | Depths:1 | Noticed an iron giant
 54366 | Depths:1 | Killed from afar by an iron giant

Illustrated notes

Levels and vault maps discovered:
D:1:      lemuel_arrival_river_bridge, layout_loops_ring,
          hellmonk_ecumenical_altar_pennies_from_heaven
D:2:      layout_loops_ring, basic_altar, roderic_roman_lattice,
          minmay_gold_behind_fungi, st_stairs_2, serial_bayou_lake_a
D:3:      layout_basic, overflow_temple_1_default, lemuel_doored_altar, tgw_trog
D:4:      layout_basic, serial_shops, nicolae_shop_stone,
          nicolae_shop_waterfront, shop, nicolae_square_shop,
          nicolae_shop_overgrown_old_shop
D:5:      layout_cave_pools, lemuel_coloured_pillars_altar,
          mainiacjoe_overflow_boulevard, kennysheep_generic_room_15, uniq_pikel,
          uniq_crazy_yiuf_cottage
D:6:      layout_loops_ring, gammafunk_ghost_split, minmay_misc_feat_rows
D:7:      layout_loops_ring, minmay_temple_entry_poolview, gammafunk_ghost_grave
D:8:      layout_gridville, grunt_temple_overflow_forces_of_nature,
          old_standard_altar, dpeg_lair_monsters
D:9:      layout_loops_ring, led_sif_book, slow_altar_1,
          mainiacjoe_overflow_concentric_impassable, minmay_variable_closet
D:10:     layout_basic, serial_shops, shop, minmay_increasing_density
D:11:     layout_basic, glass_columns_b
D:12:     layout_long_grid
D:13:     layout_irregular_city, ximxim_vaults_locker_room,
          gammafunk_ghost_split, serial_shops, statue_bzr
D:14:     layout_cave_pods, serial_park, serial_park_tiny_pond,
          serial_park_gazebo [serial_park_minivault_5x5_1], serial_park_square1
          [serial_park_minivault_5x5_1], serial_park_tiny_1, serial_park_square3
          [serial_park_minivault_5x5_3], minmay_misc_feat_encased,
          hangedman_abyss_or_decor_stabs
D:15:     gammafunk_depths_entry_grave, layout_loops_cross, elyvilon_altar_5,
          nicolae_trove_entry_isolated, serial_shops, shop
Temple:   jpeg_temple_clearing
Lair:1:   layout_gridlike
Lair:2:   layout_small_grid, guppyfry_snake_entry_garden, grunt_megastairs_5,
          lemuel_fruit_tree
Lair:3:   layout_cave_shapes, swamp_mist_pool, portal_ice_cave_demonic_guard,
          minmay_lair_oklob_bushes, nicolae_quartered_pool_medium
Lair:4:   layout_cave_pods
Lair:5:   layout_regular_city, minmay_slime_entry_pillars,
          grunt_forest_small_clearing_treed
Lair:6:   due_jungle_book, layout_concentric_octagons, serial_bayou_pond_e,
          minivault_27, chequers_serial_rivers_small_b
Swamp:1:  layout_falls_marsh, nicolae_swamp_godswood, swamp_pool1
Swamp:2:  layout_falls_marsh, evilmike_swamp_ruin_house_4
Swamp:3:  layout_basic_swamp, evilmike_swamp_ruin_house_1, swamp_pool4
Swamp:4:  swamp, layout_basic_swamp, infiniplex_staircase_pool
Snake:1:  layout_cave_pods
Snake:2:  layout_onion, uniq_vashnia
Snake:3:  layout_grid_maze
Snake:4:  minmay_snake_end_coiled, layout_grid_maze, uniq_donald, uniq_asterion,
          uniq_aizul
Orc:1:    layout_diamond_mine, gammafunk_ghost_abyssal_escape,
          nicolae_orc_flooded_monolith
Orc:2:    st_orc_open, layout_caves, ebering_ghost_rock_garden,
          nicolae_shop_clearance, uniq_snorg, uniq_azrael
Elf:1:    layout_geoelf_octagon, hangedman_corner_corridor,
          nicolae_elf_variegated_diamond, uniq_jorgrun
Elf:2:    nicolae_elf_blades_splatter_lattice [nicolae_blade_bullseye],
          layout_onion_city, serial_shops, freezing_bzr
Depths:1: layout_gridlike, abyss_entry, gammafunk_ghost_arena,
          grunt_hell_entry_dis_mu, kennysheep_big_empty_room, kennysheep_path_1,
          dilly_guarded_unrand_elemental_staff

Skill      XL: |  1  2  3  4  5  6  7  8  9 10 11 12 13 14 15 16 17 18 |
---------------+-------------------------------------------------------+-----
Spellcasting   | 5 6 8 9 11 12 14 16 18 20 21 23 25 26 27 | 27.0
Fighting       | 1 2 3 4 5 6 7 8 9 |  9.8
Conjurations   | 2 3 4 6 7 8 9 11 12 13 14 15 16 18 | 18.9
Armour         | 1 2 3 4 5 6 7 8 9 |  9.0
Fire Magic     | 1 2 4 5 7 8 10 11 12 13 14 16 17 | 17.4
Dodging        | 3 |  3.0
Stealth        | 3 |  3.1
Air Magic      | 1 3 |  3.0
Poison Magic   | 1 |  1.2
Evocations     | 1 |  1.2
Ice Magic      | 1 |  1.3
Shields        | 2 4 |  4.0
Earth Magic    | 1 |  1.1
Transmutations | 1 |  1.1
Summonings     | |  1.1
Translocations | |  1.1

Action                   |  1- 3 |  4- 6 |  7- 9 | 10-12 | 13-15 | 16-18 | 19-21 || total
-------------------------+-------+-------+-------+-------+-------+-------+-------++-------
Melee: Spear             |     2 |    59 |       |       |       |       |       ||    61
       Quarterstaff      |       |       |     5 |       |       |       |       ||     5
       Flail             |       |       |     2 |       |       |       |       ||     2
       Trident           |       |       |    53 |    18 |       |       |       ||    71
       Rapier            |       |       |       |    96 |   181 |    23 |       ||   300
 Cast: Magic Dart        |   112 |    93 |    56 |    15 |     1 |     2 |       ||   279
       Mephitic Cloud    |     1 |    17 |    18 |    39 |    21 |     1 |       ||    97
       Conjure Flame     |     1 |     4 |    15 |    50 |    45 |       |       ||   115
       Call Imp          |       |     7 |     8 |     9 |     6 |       |       ||    30
       Blink             |       |     2 |     3 |     5 |    16 |     2 |       ||    28
       Foxfire           |       |       |    46 |   185 |    92 |     2 |       ||   325
       Flame Wave        |       |       |     4 |    18 |    33 |     1 |     1 ||    57
       Freezing Cloud    |       |       |       |    28 |    92 |    41 |     6 ||   167
       Stone Arrow       |       |       |       |       |    50 |    55 |     4 ||   109
       Fireball          |       |       |       |       |   187 |   525 |    39 ||   751
       Apportation       |       |       |       |       |       |     2 |       ||     2
       Orb of Destructio |       |       |       |       |       |     8 |     5 ||    13
       Wereblood         |       |       |       |       |       |     2 |       ||     2
       Swiftness         |       |       |       |       |       |     1 |     1 ||     2
Evoke: Wand              |       |       |       |       |     1 |     3 |       ||     4
       Lightning rod     |       |       |       |       |       |     3 |       ||     3
  Use: Scroll            |       |       |       |       |    20 |    14 |     2 ||    36
       Potion            |       |       |       |       |     2 |     1 |       ||     3
 Stab: Confused          |       |     6 |     4 |    10 |     3 |       |       ||    23
       Sleeping          |       |       |       |     1 |     3 |       |       ||     4
Armor: Robe              |     2 |       |       |       |       |       |       ||     2
       Leather armour    |       |     6 |     9 |       |       |       |       ||    15
       Steam dragon scal |       |       |     7 |    52 |   105 |    18 |       ||   182
       Swamp dragon scal |       |       |       |       |       |    32 |     1 ||    33
Dodge: Dodged            |    20 |    58 |    39 |   122 |   248 |    62 |     2 ||   551
Block: Buckler           |       |       |       |       |    64 |    42 |     3 ||   109
       Reflection        |       |       |       |       |       |     6 |     3 ||     9

Table legend: (Time is in decaauts)
 A = Elapsed time spent in this place.
 B = Non-inter-level travel time spent in this place.
 C = Inter-level travel time spent in this place.
 D = Time resting spent in this place.
 E = Time spent auto-exploring this place.
 F = Levels seen in this place.
 G = Mean time per level.
                   A        B        C        D        E       F      G
               +--------+--------+--------+--------+--------+-----+--------+
         Total |  54573 |  51009 |   3564 |   9175 |  33331 |  38 | 1436.1 |
       Dungeon |  25597 |  23617 |   1980 |   3657 |  15669 |  15 | 1706.5 |
        Temple |    243 |    215 |     28 |      0 |    111 |   1 |  243.0 |
          Lair |   8890 |   8321 |    569 |   1249 |   5867 |   6 | 1481.7 |
         Swamp |   3514 |   3326 |    188 |    894 |   2015 |   4 |  878.5 |
     Snake Pit |   6898 |   6423 |    475 |    984 |   4421 |   4 | 1724.5 |
  Orcish Mines |   2406 |   2265 |    141 |    514 |   1452 |   2 | 1203.0 |
   Elven Halls |   4464 |   4285 |    179 |   1173 |   2467 |   2 | 2232.0 |
        Depths |   1049 |   1049 |      0 |    455 |    397 |   1 | 1049.0 |
        Bazaar |    501 |    501 |      0 |      0 |    395 |   2 |  250.5 |
      Ice Cave |   1007 |   1007 |      0 |    249 |    536 |   1 | 1007.0 |
               +--------+--------+--------+--------+--------+-----+--------+

Top non-repeatable levels by time:
  Lair:6: 2914 daAuts
 Snake:4: 2669 daAuts
   Elf:2: 2628 daAuts
    D:13: 2551 daAuts
     D:3: 2504 daAuts
    D:14: 2424 daAuts
    D:12: 2135 daAuts
    D:11: 1891 daAuts
 Snake:3: 1881 daAuts
   Elf:1: 1836 daAuts
     D:7: 1817 daAuts
    D:15: 1627 daAuts
   Orc:1: 1520 daAuts
    D:10: 1485 daAuts
     D:6: 1435 daAuts
